 Dungeon Crawl Stone Soup version 0.26.1-2-gb8aa6d0cf2 (webtiles) character file.

Game seed: 13348859278243571402

31 Allula97 the Vexing (level 3, -2/26 HPs)
             Began as a Demonspawn Arcane Marksman on Mar 2, 2021.
             Slain by an adder (5 damage)
             ... on level 2 of the Dungeon.
             The game lasted 00:06:26 (1616 turns).

Allula97 the Vexing (Demonspawn Arcane Marksman)    Turns: 1616, Time: 00:06:26

Health: -2/26      AC:  1    Str: 11    XL:     3   Next: 7%
Magic:  0/4        EV: 12    Int: 14    God:
Gold:   34         SH:  0    Dex: 13    Spells: 3/4 levels left

rFire    . . .     SeeInvis .   a - +0 hand crossbow
rCold    . . .     Faith    .   (no shield)
rNeg     . . .     Spirit   +   e - +0 robe
rPois    .         Reflect  .   (no helmet)
rElec    .         Harm     .   (no cloak)
rCorr    .         Rampage  .   (no gloves)
Will     +....     Rnd*Tele +   (no boots)
Stlth    +.........             (no amulet)
HPRegen  0.08/turn              c - ring of teleportation (curse)
MPRegen  0.09/turn              (no ring)

@: lethally poisoned (-2 -> -5)
A: hooves 1, deformed body, low mp 1, strong-willed 1, evolution 1, magic
shield, miasma immunity, MP-powered wands
a: no special abilities


You were on level 2 of the Dungeon.
You visited 1 branch of the dungeon, and saw 2 of its levels.

You collected 34 gold pieces.

Inventory:

Hand Weapons
 a - a +0 hand crossbow (weapon)
Armour
 e - a +0 robe (worn)
Jewellery
 c - a cursed ring of teleportation (left hand)
Scrolls
 b - 2 scrolls of identify
Potions
 g - a potion of flight


   Skills:
 * Level 1.3 Fighting
 * Level 2.2 Crossbows
 * Level 0.6 Armour
 * Level 2.0 Dodging
 * Level 1.1 Spellcasting
 + Level 3.3 Hexes


You had 3 spell levels left.
You knew the following spells:

 Your Spells              Type           Power        Failure   Level
a - Corona                Hex            11%          7%          1

Your spell library contained the following spells:

 Spells                   Type           Power        Failure   Level
 Slow                     Hex            10%          10%         2
 Inner Flame              Hex/Fire       5%           36%         3
 Portal Projectile        Hex/Tloc       10%          36%         3
 Cause Fear               Hex            5%           54%         4
 Leda's Liquefaction      Hex/Erth       2%           78%         4


Dungeon Overview and Level Annotations

Branches:
Dungeon (2/15)

Altars:


Innate Abilities, Weirdness & Mutations

When hurt, damage is shared between your health and your magic reserves.
You are immune to miasma.
You have large cloven feet.
Armour fits poorly on your strangely shaped body.
Your magical capacity is low. (-10% MP)
You are strong-willed. (Will+)
You evolve.
You expend magic power (3 MP) to strengthen your wands.


Message History

You feel extremely strange.
You feel conductive.
You feel clever.
You feel nature experimenting on you.
Don't worry, failures die fast.
You feel strong-willed.
You feel less energetic.
Your feet thicken and deform.
The adder closely misses you.
Fire: bolt
Press: ? - help, Q - select action, (/) - cycle Shift-Dir - straight line, f - adder
Aim: an adder (44% to hit)
You shoot a bolt. The bolt closely misses the adder.
You feel sick. The adder closely misses you. The adder bites you.
* * * LOW HITPOINT WARNING * * *
Unknown command.
Unknown command.
Okay, then.
Okay, then.
Unknown command.
Really attack while wielding your +0 hand crossbow?
You miss the adder. The adder barely misses you. The adder closely misses you.
The adder bites you.
You die...

#.#.# #.###.#.##
#..r.....# #######.#..#
...........#
#######(...#
######..[.#
.##########.........#
.((.(.([<.@S.....(.##
##.####.)S(....#<#!....
#..#####.#.######
.....# #.... ####).#
#..#.. ...# #....##
#...# #.#.## ...(.
..#.# $.####


You could see 2 adders.

Vanquished Creatures
  An ooze (D:2)
  3 orcs (D:2)
  2 giant cockroaches (D:2)
  2 goblins
  2 hobgoblins (D:1)
  3 jackals (D:1)
  A quokka (D:2)
  2 bats (D:1)
  2 frilled lizards
  4 kobolds
22 creatures vanquished.

Notes
Turn   | Place    | Note
-------+----------+-------------------------------------------
     0 | D:1      | Allula97 the Demonspawn Arcane Marksman began the quest for
                  | the Orb.
     0 | D:1      | Reached XP level 1. HP: 15/15 MP: 2/2
   954 | D:1      | Gained mutation: When hurt, damage is shared between your
                  | health and your magic reserves. [demonic ancestry]
   954 | D:1      | Reached XP level 2. HP: 21/21 MP: 3/3
  1443 | D:2      | Gained mutation: You are immune to miasma. [demonic
                  | ancestry]
  1443 | D:2      | Reached XP level 3. HP: 7/26 MP: 1/4
  1613 | D:2      | Gained mutation: Armour fits poorly on your strangely
                  | shaped body. [potion of mutation]
  1613 | D:2      | Gained mutation: You expend magic power (3 MP) to
                  | strengthen your wands. [potion of mutation]
  1613 | D:2      | Gained mutation: You are dopey. (Int -2) [potion of
                  | mutation]
  1613 | D:2      | Gained mutation: You are resistant to electric shocks.
                  | (rElec) [potion of mutation]
  1614 | D:2      | Lost mutation: You are resistant to electric shocks.
                  | (rElec) [potion of mutation]
  1614 | D:2      | Lost mutation: You are dopey. (Int -2) [potion of mutation]
  1614 | D:2      | Gained mutation: You evolve. [potion of mutation]
  1614 | D:2      | Gained mutation: You are strong-willed. (Will+) [potion of
                  | mutation]
  1614 | D:2      | Gained mutation: Your magical capacity is low. (-10% MP)
                  | [potion of mutation]
  1614 | D:2      | Gained mutation: You have large cloven feet. [potion of
                  | mutation]
  1616 | D:2      | Slain by an adder

Illustrated notes

Levels and vault maps discovered:
D:1:      amcnicky_arrival_blooded_trapdoor, layout_basic
D:2:      layout_loops_ring, lemuel_doored_altar, minmay_pentomino_q4

Skill      XL: |  1  2 |
---------------+-------+-----
Crossbows      | 2 |  2.2
Dodging        | 2 |  2.0
Fighting       | |  1.3
Armour         | |  0.6
Spellcasting   | |  1.1
Hexes          | |  3.3

Action                   || total
-------------------------++-------
Melee: Unarmed           ||    12
       Hand crossbow     ||     5
 Fire: Hand crossbow     ||    43
  Use: Potion            ||     3
       Scroll            ||     2
Armor: Robe              ||    10
Dodge: Dodged            ||    37
